Map: Lost and Found LE

Players

SortOf

  • Race: Zerg Zerg
  • Spawn Location: 1:00

Nice - Winner!

  • Race: Protoss Protoss
  • Spawn Location: 7:00

Event: WCS Austin 2018

VOD

Have the link to the VOD?

Description

Time

  • Played on: June 1, 2018, 6:12 p.m.
  • Length: 27:12

All games in this series

Show
View Real Time Build Order
Export as new Build Order

SortOf Zerg 

Build Orders: Hatch First, Lurkers, Roach Hydra 

Get SALT Encoding   

  12  0:00  Drone  
  13  0:12  Overlord  
  13  0:17  Drone  
  14  0:31  Drone x2  
  16  0:49  Hatchery  
  15  0:52  Drone  
  15  0:56  Drone  
  17  0:59  Drone  
  18  1:10  Extractor  
  17  1:15  Spawning Pool  
  17  1:18  Drone  
  17  1:20  Drone  
  18  1:28  Drone  
  19  1:38  Drone  
  20  1:49  Overlord  
  20  2:01  Queen x2  
  20  2:02  Zergling x4  
  26  2:11  Drone  
  26  2:12  Drone  
  26  2:13  Metabolic Boost  
  28  2:24  Drone x2  
  30  2:35  Hatchery  
  29  2:41  Drone  
  29  2:43  Overlord, Drone  
  31  2:49  Drone  
  32  2:56  Drone  
  32  2:57  Drone  
  32  2:58  Queen  
  36  3:05  Drone x2  
  38  3:11  Zergling x2  
  39  3:13  Overlord  
  39  3:14  Drone  
  39  3:16  Drone  
  39  3:19  Drone  
  42  3:21  Queen  
  44  3:30  Overlord  
  44  3:31  Overlord  
  44  3:40  Drone x3  
  44  3:41  Drone  
  48  3:47  Overlord  
  48  3:48  Zergling x4  
  50  3:53  Drone  
  50  3:54  Drone  
  52  3:57  Spore Crawler, Drone x2  
  52  3:58  Spore Crawler  
  52  3:59  Queen  
  52  4:01  Drone  
  55  4:07  Drone x2  
  55  4:08  Drone  
  58  4:10  Drone  
  59  4:18  Drone x2  
  59  4:21  Drone  
  59  4:22  Drone x4  
  66  4:26  Overlord, Spore Crawler  
  66  4:30  Roach Warren  
  64  4:32  Lair  
  64  4:36  Extractor  
  64  4:37  Extractor  
  63  4:38  Drone x3  
  65  4:46  Overlord  
  65  4:47  Drone  
  65  4:48  Drone x4  
  65  4:51  Drone x4  
  73  4:56  Overlord  
  73  4:57  Extractor  
  73  4:58  Evolution Chamber  
  71  5:02  Drone x3  
  71  5:03  Overlord  
  74  5:15  Roach x6  
  86  5:21  Extractor  
  86  5:25  Drone x3  
  86  5:28  Overlord  
  88  5:31  Overlord  
  88  5:32  Hatchery  
  88  5:33  Drone x2  
  88  5:34  Zergling x6  
  91  5:39  Hydralisk Den  
  91  5:41  Zerg Missile Weapons Level 1  
  89  5:44  Glial Reconstitution  
  89  5:46  Overlord  
  89  5:47  Zergling x6  
  92  5:53  Zergling x6  
  95  6:00  Overlord  
  95  6:02  Drone x2  
  97  6:04  Drone  
  97  6:05  Drone x2  
  97  6:06  Spore Crawler  
  97  6:08  Spore Crawler  
  97  6:09  Drone x4  
  100  6:11  Spore Crawler  
  100  6:17  Drone x2  
  100  6:18  Drone  
  97  6:23  Drone x3  
  99  6:30  Drone x2  
  94  6:33  Drone  
  94  6:36  Drone  
  94  6:37  Drone x3  
  94  6:38  Drone  
  94  6:39  Drone x2, Queen x2  
  103  6:40  Queen  
  103  6:42  Drone x2  
  103  6:44  Grooved Spines  
  104  6:47  Drone  
  104  6:49  Spore Crawler  
  104  6:53  Extractor  
  102  6:54  Spore Crawler  
  102  7:01  Spore Crawler, Hydralisk x4  
  100  7:03  Spore Crawler  
  100  7:06  Spore Crawler  
  100  7:08  Overlord  
  105  7:13  Queen  
  105  7:14  Hydralisk x5  
  115  7:17  Drone x2  
  115  7:18  Drone x2  
  114  7:23  Queen  
  114  7:25  Hydralisk x2  
  114  7:27  Queen  
  114  7:34  Queen  
  114  7:36  Hydralisk  
  110  7:38  Hydralisk  
  110  7:45  Hydralisk x4  
  119  7:55  Hydralisk x5  
  129  8:02  Overlord  
  129  8:04  Overlord  
  129  8:05  Muscular Augments  
  127  8:08  Hydralisk x3  
  127  8:12  Hydralisk  
  125  8:15  Hydralisk x2  
  127  8:21  Hydralisk x3  
  127  8:22  Overlord  
  127  8:25  Overseer  
  127  8:26  Zerg Missile Weapons Level 2  
  133  8:34  Hydralisk x3  
  133  8:41  Hydralisk x4  
  147  8:50  Roach x5  
  157  8:56  Overlord  
  157  8:59  Lurker Den  
  157  9:00  Overlord  
  156  9:04  Roach x2  
  156  9:08  Overlord  
  160  9:11  Extractor x2  
  160  9:16  Drone x3  
  161  9:17  Hydralisk x3  
  161  9:18  Overlord  
  167  9:27  Hydralisk x7  
  181  9:38  Hydralisk  
  181  9:39  Hydralisk x3  
  187  9:55  Hydralisk  
  187  9:56  Hydralisk x2  
  187  9:57  Hydralisk x2  
  177  10:01  Hydralisk x3  
  177  10:04  Hydralisk  
  153  10:08  Hydralisk x2  
  153  10:10  Zergling x4  
  153  10:11  Hydralisk  
  153  10:12  Queen x2  
  147  10:15  Roach x3  
  147  10:16  Zergling x6  
  147  10:20  Roach x3  
  158  10:25  Hydralisk  
  158  10:26  Hydralisk x2  
  160  10:30  Roach  
  160  10:32  Queen  
  158  10:36  Roach x2  
  158  10:38  Lurker  
  158  10:39  Lurker  
  164  10:47  Hydralisk x3  
  170  10:54  Infestation Pit  
  170  10:55  Hydralisk x2  
  173  10:58  Overseer  
  173  11:04  Queen x2  
  173  11:08  Hatchery, Queen  
  173  11:09  Zerg Ground Armor Level 1  
  178  11:13  Hydralisk x3  
  180  11:22  Hydralisk x3  
  178  11:25  Hydralisk x2  
  178  11:31  Lurker  
  181  11:43  Overlord x3  
  181  11:44  Overlord  
  167  12:01  Hydralisk x4  
  167  12:02  Hydralisk x9  
  167  12:04  Hydralisk  
  175  12:13  Drone x3  
  175  12:14  Hive  
  176  12:36  Hydralisk  
  166  12:37  Spore Crawler  
  166  12:38  Hydralisk x8  
  183  12:52  Hydralisk x5  
  183  12:57  Roach x2  
  183  12:58  Roach  
  197  13:08  Hydralisk x4  
  197  13:10  Hydralisk  
  177  13:13  Hydralisk  
  177  13:14  Hydralisk  
  177  13:17  Hydralisk x3  
  177  13:18  Hydralisk  
  152  13:23  Hydralisk x2  
  150  13:30  Evolution Chamber  
  149  13:34  Drone x4  
  149  13:35  Drone x4  
  149  13:37  Lurker x2  
  149  13:38  Lurker  
  157  13:42  Adaptive Talons  
  157  13:44  Hydralisk x3  
  157  13:45  Roach  
  157  13:47  Overseer  
  157  13:57  Lurker x3  
  157  13:59  Hydralisk  
  157  14:01  Roach x2, Zergling x10  
  167  14:07  Roach  
  167  14:08  Roach x2  
  167  14:09  Zergling x4  
  175  14:18  Roach x6  
  187  14:26  Lurker x3  
  189  14:33  Roach x4  
  169  14:46  Roach x10  
  189  15:05  Hydralisk x2  
  191  15:13  Hydralisk x5, Lurker x3  
  192  15:21  Hydralisk  
  185  15:25  Hydralisk  
  176  15:34  Hatchery  
  176  15:35  Hydralisk  
  177  15:40  Zerg Missile Weapons Level 3  
  175  15:50  Lurker x4  
  175  15:54  Hydralisk x3  
  185  15:57  Overseer  
  184  16:12  Hydralisk x3  
  188  16:26  Hydralisk  
  188  16:27  Hydralisk x2  
  192  16:45  Hydralisk x3  
  192  16:46  Overlord  
  190  16:49  Overlord  
  190  16:52  Spire  
  190  16:54  Overlord  
  185  16:58  Overlord, Overseer  
  171  17:04  Hatchery  
  171  17:06  Extractor  
  171  17:07  Viper x3  
  177  17:09  Overseer  
  177  17:14  Hydralisk x4  
  185  17:23  Hydralisk x2  
  181  17:48  Hydralisk x6  
  160  18:10  Drone x4  
  160  18:11  Drone  
  162  18:16  Hydralisk x2  
  166  18:22  Roach x2  
  170  18:48  Hatchery  
  164  19:05  Hydralisk x5  
  162  19:21  Hydralisk x3  
  160  19:34  Hydralisk x3  
  166  19:41  Lurker x3  
  166  19:43  Lurker  
  170  19:49  Overseer x3  
  149  20:09  Hydralisk x5  
  148  20:32  Hydralisk x6  
  160  20:46  Hydralisk x3  
  166  20:58  Roach x5  
  174  21:10  Hydralisk x4  
  180  21:17  Lurker x3  
  183  21:38  Hydralisk x5  
  191  21:53  Spore Crawler  
  190  21:56  Spore Crawler  
  190  21:59  Overlord  
  190  22:00  Drone x6  
  190  22:01  Drone x2  
  195  22:03  Extractor  
  194  22:14  Hatchery, Hydralisk x2  
  175  22:28  Hydralisk x3  
  181  22:30  Hydralisk  
  173  22:44  Hydralisk  
  133  23:12  Hydralisk x2  
  116  23:17  Hatchery  
  107  23:26  Hydralisk  
  109  23:47  Drone x2  
  102  24:14  Hydralisk  
  104  24:18  Mutalisk  
  87  25:38  Hatchery  
  87  25:41  Hydralisk  
  80  26:00  Extractor  
  80  26:02  Extractor  
Show
View Real Time Build Order
Export as new Build Order

Nice Protoss - Winner!

Build Orders: 1 Gate Expand, Oracle Opening, Phoenix Opening, Mass Phoenix 

Get SALT Encoding   

  12  0:00  Probe  
  13  0:13  Probe  
  14  0:19  Pylon  
  14  0:25  Probe  
  15  0:35  Probe  
  15  0:38  Gateway  
  16  0:43  Probe  
  16  0:48  Assimilator  
  17  0:51  Probe  
  18  1:04  Probe  
  19  1:16  Probe  
  20  1:24  Nexus  
  20  1:33  Cybernetics Core  
  20  1:36  Probe  
  21  1:41  Assimilator  
  21  1:49  Probe  
  21  1:52  Pylon  
  22  2:01  Adept, Probe  
  23  2:13  Probe  
  26  2:18  Stargate  
  26  2:25  Probe  
  26  2:27  Warp Gate  
  27  2:32  Adept  
  27  2:33  Probe  
  27  2:37  Probe  
  30  2:42  Probe  
  31  2:49  Probe  
  33  2:53  Probe  
  33  2:54  Phoenix  
  34  2:59  Adept  
  34  3:01  Probe  
  34  3:05  Probe  
  40  3:11  Pylon  
  40  3:12  Oracle  
  40  3:13  Probe  
  40  3:17  Probe  
  42  3:25  Probe  
  46  3:29  Probe  
  46  3:32  Gateway  
  47  3:34  Assimilator  
  47  3:37  Probe  
  47  3:38  Assimilator  
  48  3:43  Probe  
  48  3:47  Probe  
  49  3:48  Pylon  
  49  3:52  Phoenix  
  49  3:55  Probe x2  
  54  4:06  Stargate  
  54  4:08  Probe  
  54  4:10  Probe  
  54  4:15  Phoenix  
  54  4:16  Pylon  
  56  4:20  Probe  
  59  4:29  Probe  
  60  4:37  Adept x2  
  64  4:38  Phoenix  
  66  4:48  Pylon  
  66  4:50  Phoenix  
  66  4:52  Nexus  
  66  4:58  Pylon  
  68  5:03  Phoenix  
  70  5:12  Pylon, Probe  
  70  5:13  Phoenix  
  73  5:21  Adept x2  
  73  5:23  Shield Battery  
  73  5:27  Protoss Air Weapons Level 1  
  77  5:29  Phoenix  
  79  5:38  Phoenix  
  81  5:45  Probe x2  
  81  5:49  Phoenix  
  83  5:54  Phoenix  
  85  5:57  Probe  
  85  5:58  Probe  
  89  6:04  Probe  
  89  6:08  Stalker x2  
  89  6:09  Phoenix  
  89  6:10  Probe x2  
  96  6:17  Probe  
  97  6:22  Probe x2  
  95  6:28  Phoenix  
  96  6:34  Phoenix  
  96  6:37  Probe x2  
  95  6:42  Probe  
  95  6:45  Zealot  
  95  6:47  Probe x2  
  95  6:50  Probe  
  95  6:53  Phoenix  
  95  6:54  Adept  
  99  6:55  Assimilator, Probe x2  
  99  6:57  Assimilator  
  99  6:58  Probe  
  101  7:03  Phoenix, Probe x2  
  101  7:08  Probe  
  106  7:14  Forge  
  106  7:15  Twilight Council, Probe x2  
  108  7:21  Probe  
  108  7:28  Probe  
  109  7:37  Protoss Ground Weapons Level 1  
  109  7:38  Charge  
  109  7:44  Phoenix  
  109  7:50  Gateway x2  
  109  7:53  Gateway x2  
  109  7:58  Pylon  
  109  7:59  Pylon  
  109  8:00  Gateway, Pylon  
  109  8:02  Pylon  
  109  8:08  Phoenix  
  109  8:09  Probe x2  
  109  8:13  Probe  
  109  8:15  Templar Archives  
  104  8:21  Probe x2  
  104  8:25  Phoenix, Probe  
  109  8:29  Zealot  
  109  8:30  Gateway  
  109  8:31  Zealot  
  113  8:34  Nexus  
  113  8:35  Pylon  
  113  8:43  Robotics Facility  
  113  8:51  Phoenix x2  
  113  8:54  High Templar x2  
  113  8:55  Zealot x4  
  129  8:58  Archon  
  129  8:59  Probe x2  
  129  9:00  Probe  
  132  9:12  Zealot  
  134  9:17  Phoenix x2  
  138  9:27  Zealot x5  
  148  9:36  Pylon  
  148  9:39  Pylon  
  148  9:40  Pylon  
  148  9:45  Protoss Ground Weapons Level 2  
  142  9:56  Zealot x6  
  142  9:57  Zealot x2  
  145  10:00  Warp Prism  
  145  10:05  Phoenix x2  
  135  10:17  High Templar x4  
  135  10:18  Zealot x4  
  151  10:26  Archon x2  
  151  10:29  Observer  
  151  10:35  Pylon  
  151  10:38  Photon Cannon  
  151  10:41  Phoenix  
  152  10:43  Zealot x4  
  152  10:49  Phoenix  
  164  10:54  Shield Battery  
  164  10:56  Probe x4  
  168  10:59  Assimilator  
  168  11:03  Assimilator  
  168  11:06  Phoenix  
  168  11:11  Zealot x7  
  176  11:13  Zealot  
  176  11:14  Phoenix  
  172  11:31  Phoenix  
  164  11:33  Immortal  
  164  11:36  Robotics Facility  
  164  11:38  Robotics Facility  
  164  11:39  Phoenix  
  166  11:47  Zealot  
  166  11:48  Zealot x7  
  163  12:06  Observer  
  151  12:09  Phoenix x2  
  151  12:13  Immortal x2  
  152  12:23  Protoss Ground Weapons Level 3, High Templar x4  
  152  12:24  Zealot x4, Observer  
  177  12:36  Immortal  
  167  12:41  Archon x2  
  163  12:51  Warp Prism  
  167  12:53  High Templar x2, Nexus, Warp Prism  
  167  12:54  Zealot x2  
  167  12:55  Pylon  
  179  13:00  Zealot x3, Archon  
  179  13:04  Photon Cannon  
  133  13:23  Immortal  
  133  13:25  Immortal  
  131  13:28  High Templar x2  
  131  13:29  Zealot x6  
  131  13:33  Archon  
  151  13:49  Immortal  
  151  13:54  Zealot x6  
  159  14:03  Immortal  
  159  14:04  Zealot x2  
  163  14:11  Probe  
  160  14:20  Fleet Beacon  
  160  14:22  Pylon  
  160  14:25  Pylon  
  160  14:26  High Templar x5  
  160  14:27  Zealot, High Templar  
  160  14:28  Zealot  
  176  14:31  Archon  
  176  14:32  Archon x2  
  150  14:50  Observer x2  
  146  14:56  High Templar x2  
  146  14:57  Immortal  
  146  14:58  Oracle  
  157  15:05  Archon, Immortal x2  
  157  15:06  Zealot x6  
  161  15:12  Protoss Shields Level 1  
  157  15:26  Zealot x6  
  160  15:48  Oracle, Observer  
  162  15:51  Mothership, High Templar x2  
  162  15:52  Zealot x6  
  162  15:55  Archon  
  178  15:58  Photon Cannon  
  178  16:01  Photon Cannon  
  178  16:03  Shield Battery  
  174  16:30  Zealot  
  174  16:31  Zealot x7  
  186  16:38  Probe x4  
  171  16:50  Immortal  
  171  16:51  Immortal  
  168  16:57  Probe x2  
  167  17:01  High Templar x3  
  167  17:02  High Templar  
  167  17:06  Archon x2  
  173  17:08  Protoss Shields Level 2  
  173  17:13  Pylon  
  173  17:15  Pylon  
  173  17:17  Probe  
  173  17:18  Probe x2  
  173  17:19  Probe  
  173  17:20  High Templar  
  173  17:21  High Templar  
  181  17:24  Archon  
  181  17:29  Probe  
  182  17:31  Zealot  
  182  17:32  Zealot  
  166  17:55  Zealot x6  
  166  17:56  Zealot x2  
  166  17:57  Probe  
  175  18:01  Psionic Storm  
  171  18:15  Assimilator  
  171  18:17  Assimilator  
  171  18:19  High Templar x2  
  171  18:20  High Templar  
  171  18:21  High Templar  
  175  18:29  Zealot, Photon Cannon  
  175  18:49  Zealot x4  
  177  18:55  Zealot x4  
  144  19:21  Protoss Air Weapons Level 2, High Templar x5  
  144  19:22  High Templar  
  154  19:25  Archon  
  154  19:26  Archon x2  
  154  19:28  Photon Cannon  
  154  19:29  Probe x3  
  154  19:30  Probe x2, Photon Cannon  
  159  19:41  Probe x2  
  159  19:44  Zealot  
  159  19:45  Zealot  
  165  19:51  Dark Shrine  
  118  20:19  Immortal x3  
  130  20:26  High Templar x2  
  130  20:27  High Templar x2  
  138  20:28  Probe  
  135  20:46  Zealot  
  137  20:50  Protoss Ground Armor Level 1  
  136  21:07  Immortal x2  
  148  21:25  Zealot x4  
  148  21:33  Pylon, Nexus  
  140  21:54  High Templar x2  
  140  21:55  High Templar x2  
  140  21:58  Archon  
  140  21:59  Archon  
  148  22:05  Zealot x4  
  152  22:22  Immortal  
  131  22:25  High Templar  
  131  22:26  High Templar x3  
  131  22:27  Dark Templar  
  122  22:38  Archon  
  122  22:40  Zealot x3  
  109  22:53  Immortal  
  90  23:19  Zealot x8  
  94  23:44  High Templar  
  94  23:45  High Templar x2  
  100  23:49  Zealot x2  
  100  23:54  Observer  
  81  24:07  Zealot x3  
  82  24:22  Observer  
  81  24:32  Assimilator  
  81  24:36  Assimilator  
  73  25:00  Zealot x5  
  83  25:21  Zealot x3  
  87  25:31  Zealot  
  81  25:41  Zealot  
  76  25:44  Dark Templar  
  70  25:59  High Templar  
  72  26:04  Photon Cannon  
  72  26:26  High Templar  
  72  26:27  Zealot x2  
  78  26:37  Zealot  
  50  27:00  Archon  
  50  27:04  Stalker x3  
Tags
 
Add a new tag
Caveats
  • Supply blocks, unpowered buildings, or Contaminate may cause inaccurate times.
  • Supply counts are checked every 10 seconds.